 Dungeon Crawl Stone Soup version 0.31-a0-700-gf13585253f (webtiles) character file.

Game seed: 11691529493170297627

147 qw the Shooter (level 5, -1/32 HPs)
             Began as a Gargoyle Hunter on Sept 7, 2023.
             Slain by a hobgoblin
             ... wielding a +0 club
              (2 damage)
             ... on level 3 of the Dungeon.
             The game lasted 00:00:57 (1566 turns).

qw the Shooter (Gargoyle Hunter)                    Turns: 1566, Time: 00:00:58

Health: -1/32      AC:  7    Str: 14    XL:     5   Next: 29%
Magic:  5/5        EV: 11    Int: 10    God:
Gold:   128        SH:  0    Dex: 15    Spells: 4/4 levels left

rFire   . . .        Y - +0 shortbow
rCold   . . .        (shield currently unavailable)
rNeg    + + .        c - +0 leather armour
rPois   inf          (no helmet)
rElec   +            (no cloak)
rCorr   .            (no gloves)
SInv    .            (no boots)
Will    .....        (no amulet)
Stlth   ++           b - ring of positive energy
HPRegen 0.25/turn    (no ring)
MPRegen 0.09/turn

%: no passive effects
@: no status effects
A: sickness immunity, AC +4, negative energy resistance 1, electricity
resistance, torment resistance 1, petrification resistance
a: no special abilities


You were on level 3 of the Dungeon.
You visited 1 branch of the dungeon, and saw 3 of its levels.

You collected 128 gold pieces.


Innate Abilities, Weirdness & Mutations

You are immune to sickness and miasma.
Your stone body is resilient. (AC +4)
You are immune to poison.
You resist negative energy. (rN+)
You are resistant to electric shocks. (rElec)
You are resistant to unholy torment.
You are immune to petrification.


   Skills:
 + Level 3.3 Fighting
 - Level 6.0 Ranged Weapons
 - Level 1.5 Dodging
 - Level 1.1 Stealth


You had 4 spell levels left.
You didn't know any spells.
Your spell library was empty.

Inventory:

Hand Weapons
 Y - a +0 shortbow (weapon)
Armour
 c - a +0 leather armour (worn)
Jewellery
 b - a ring of positive energy (left hand)
 j - a ring of positive energy
Scrolls
 d - 2 scrolls of enchant armour
 k - a scroll of immolation {unknown}
Potions
 a - a potion of might {unknown}
 e - 3 potions of attraction {unknown}
 f - 3 potions of haste
 g - a potion of enlightenment {unknown}
 h - a potion of cancellation {unknown}
 i - 2 potions of degeneration {unknown}
 l - a potion of curing {unknown}

Dungeon Overview and Level Annotations

Branches:
Dungeon (3/15)

Altars:
Fedhas
Uskayaw


Message History

The worm bites you.
You shoot an arrow. The arrow completely misses the worm.
The kobold hits you but does no damage.
You shoot an arrow. The arrow barely misses the worm.
The kobold barely misses you. The worm closely misses you.
The kobold hits you but does no damage.
You shoot an arrow. The arrow hits the worm.
The worm is moderately wounded.
The worm bites you! The kobold hits you with a +0 dagger.
You shoot an arrow. The arrow hits the worm!
The worm is severely wounded.
The kobold hits you with a +0 dagger.
You shoot an arrow.
The arrow hits the worm but does no damage.
The worm is severely wounded.
The worm bites you. The kobold barely misses you.
You shoot an arrow.
The arrow hits the worm but does no damage.
The worm is heavily wounded.
The kobold barely misses you. The worm bites you.
You shoot an arrow. The arrow hits the worm!
You kill the worm!
The kobold hits you but does no damage.
You shoot an arrow. The arrow barely misses the hobgoblin.
The hobgoblin hits you with a +0 club. The kobold hits you but does no damage.
You shoot an arrow.
The arrow completely misses the hobgoblin.
The hobgoblin hits you but does no damage.
The kobold hits you with a +0 dagger.
You shoot an arrow. The arrow barely misses the hobgoblin.
The hobgoblin hits you with a +0 club. The kobold barely misses you.
You shoot an arrow. The arrow barely misses the hobgoblin.
The hobgoblin hits you with a +0 club. The kobold hits you but does no damage.
The kobold misses you. The hobgoblin closely misses you.
You shoot an arrow. The arrow hits the hobgoblin.
The hobgoblin is moderately wounded.
The hobgoblin barely misses you. The kobold hits you but does no damage.
You shoot an arrow. The arrow barely misses the hobgoblin.
The hobgoblin hits you with a +0 club.
You die...

.# #.# #.#
.. #.#
####.# ##
#.####....#
#.#....####
#.#.#..#
#.#....#
#^#.#.##
~~~#.###.#
~~~~.gK@.#
~####Kg###
....K ####
......#
~~~###
..###..
~....# # ##
#.##.#
...#.#
####.#


You could see 2 hobgoblins and 3 kobolds.

Vanquished Creatures
  Terence (D:3)
  5 adders
  4 worms
  3 dart slugs
  An orc (D:3)
  6 endoplasms
  2 giant cockroaches
  4 hobgoblins (D:1)
  5 quokkas
  4 ball pythons
  6 bats
  5 frilled lizards
  5 goblins
  3 kobolds (D:1)
  6 rats
60 creatures vanquished.

Notes
Turn   | Place    | Note
-------+----------+-------------------------------------------
     0 | D:1      | qw the Gargoyle Hunter began the quest for the Orb.
     0 | D:1      | Reached XP level 1. HP: 12/12 MP: 1/1
     0 | D:1      | 0 ||| qw: Version: 0.3-a-76-g4403597
     0 | D:1      | 0 ||| qw: Game counter: 640
     0 | D:1      | 0 ||| qw: Melee chars always use a shield: true
     0 | D:1      | 0 ||| qw: God list: Okawaru
     0 | D:1      | 0 ||| qw: Allow faded altars: false
     0 | D:1      | 0 ||| qw: Do Orc after clearing Dungeon:15 true
     0 | D:1      | 0 ||| qw: Do second Lair branch before Depths: true
     0 | D:1      | 0 ||| qw: Lair rune preference: random
     0 | D:1      | 0 ||| qw: Goals: Normal
     0 | D:1      | 0 ||| PLANNING D:1-11
    48 | D:1      | Reached XP level 2. HP: 17/17 MP: 2/2
   200 | D:1      | Reached XP level 3. HP: 21/21 MP: 3/3
   292 | D:1      | Reached skill level 5 in Ranged Weapons
   383 | D:1      | 383 ||| READING scroll labelled YMIEDGH ADOTATUNT.
   425 | D:1      | 425 ||| READING scroll labelled BOOLEXK HAYSM.
   427 | D:1      | 427 ||| DROPPING scroll of butterflies.
   449 | D:2      | 449 ||| STAIRDANCE
   453 | D:2      | 453 ||| STAIRDANCE
   482 | D:2      | 482 ||| STAIRDANCE
   587 | D:2      | Reached skill level 3 in Fighting
   819 | D:2      | Reached XP level 4. HP: 21/28 MP: 4/4
   867 | D:2      | Found a blossoming altar of Fedhas.
   981 | D:2      | 981 ||| UPGRADING to ring of positive energy.
   982 | D:2      | 982 ||| READING 3 scrolls labelled XERRIA LIMEOL.
   983 | D:2      | 983 ||| DRINKING 2 fizzy golden potions.
  1013 | D:3      | Found a hide-covered altar of Uskayaw.
  1028 | D:3      | Noticed Terence
  1049 | D:3      | Killed Terence
  1175 | D:3      | Found a faded altar of an unknown god.
  1223 | D:3      | Reached XP level 5. HP: 32/32 MP: 5/5
  1334 | D:3      | Reached skill level 6 in Ranged Weapons
  1562 | D:3      | HP: 7/32 [kobold/+0 dagger (2)]
  1564 | D:3      | HP: 1/32 [hobgoblin/+0 club (4)]
  1566 | D:3      | Slain by a hobgoblin

Levels and vault maps discovered:
D:1:      lightli_molten_gateway, layout_rooms
D:2:      layout_basic, basic_altar
D:3:      cheibrodos_thug_alley, layout_basic,
          nicolae_uskayaw_murder_on_the_dancefloor,
          ebering_ecumenical_altar_rust, minmay_misc_feat_iff, uniq_terence

Skill      XL: |  1  2  3  4  5 |
---------------+----------------+-----
Ranged Weapons | 5 6 |  6.0
Fighting       | 3 |  3.3
Dodging        | |  1.5
Stealth        | |  1.1

Action                     |  1- 3 |  4- 6 || total
---------------------------+-------+-------++-------
   Fire: Shortbow          |   125 |   124 ||   249
    Use: Scroll            |     2 |     1 ||     3
         Potion            |       |     1 ||     1
 Armour: Leather armour    |    36 |    61 ||    97
  Dodge: Dodged            |    35 |    54 ||    89

Table legend:
 A = Non-vault XP
 B = Vault XP
 C = Vault XP percentage of total XP
 D = Non-vault monster count
 E = Vault monster count
 F = Vault count percentage of total count
                 A         B        C        D         E       F
            +---------+---------+-------+---------+---------+-------
      Total |     174 |      36 |  17.1 |      59 |       1 |   1.7
            +---------+---------+-------+---------+---------+-------
        D:1 |      60 |       0 |   0.0 |      27 |       0 |   0.0
        D:2 |      53 |       0 |   0.0 |      16 |       0 |   0.0
        D:3 |      61 |      36 |  37.1 |      16 |       1 |   5.9
            +---------+---------+-------+---------+---------+-------
